 Dungeon Crawl Stone Soup version 0.28.0 (webtiles) character file.

Game seed: 11376929154124207194

9142 bande the Cleaver (level 11, 0/67 HPs)
             Began as a Gargoyle Fighter on Feb 19, 2022.
             Was a Follower of Okawaru.
             Slain by a nine-headed hydra (9 damage)
             ... on level 2 of the Lair of Beasts.
             The game lasted 00:18:12 (9998 turns).

bande the Cleaver (Gargoyle Fighter)                Turns: 9998, Time: 00:18:13

Health: 0/67       AC: 26    Str: 25    XL:     11   Next: 41%
Magic:  12/12      EV:  7    Int: 10    God:    Okawaru [*.....]
Gold:   441        SH:  5    Dex: 13    Spells: 10/10 levels left

rFire   . . .      SeeInvis +   h - +14 obsidian axe {vorpal, Mesm Drain Fly SInv}
rCold   . . .      Faith    .   c - +0 buckler
rNeg    + . .      Spirit   .   n - +0 plate armour
rPois   ∞          Reflect  .   (no helmet)
rElec   +          Harm     .   f - +1 cloak
rCorr   .          Rampage  .   p - +0 pair of gloves
Will    +....                   (no boots)
Stlth   ..........              (no amulet)
HPRegen 0.21/turn               e - ring of willpower
MPRegen 0.13/turn               w - +6 ring of strength

@: flying, mesmerised
A: sickness immunity, AC +8, negative energy resistance 1, electricity
resistance, torment resistance 1, petrification resistance
a: Renounce Religion, Heroism


You were on level 2 of the Lair of Beasts.
You worshipped Okawaru.
Okawaru was aware of your devotion.
You visited 3 branches of the dungeon, and saw 11 of its levels.

You collected 441 gold pieces.

Inventory:

Hand Weapons
 a - a +1 war axe of protection
 h - the +14 obsidian axe (weapon) {vorpal, Mesm Drain Fly SInv}
   (You acquired it on level 4 of the Dungeon)

   It inflicts extra damage upon your enemies.
   It occasionally summons demons to assist the wielder when it strikes in
   combat.
   Its wielder is mesmerised by any visible foes.
   It cannot be unequipped while any foes are visible.
   SInv:      It lets you see invisible.
   Fly:       It grants you flight.
   Drain:     It drains your maximum health when unequipped.
 o - a +0 flail
Armour
 c - a +0 buckler (worn)
 f - a +1 cloak (worn)
 n - a +0 plate armour (worn)
 p - a +0 pair of gloves (worn)
Jewellery
 e - a ring of willpower (left hand)
 k - an amulet of the acrobat
 s - an amulet of faith
 w - a +6 ring of strength (right hand)
Wands
 m - a wand of iceblast (9)
 r - a wand of acid (10)
 t - a wand of polymorph (4)
 v - a wand of digging (8)
Scrolls
 b - a scroll of enchant armour
Potions
 d - 2 potions of might
 g - a potion of haste
 i - a potion of heal wounds
 j - 3 potions of curing
 l - a potion of brilliance
 q - a potion of invisibility {unknown}
 u - a potion of resistance {unknown}
 x - a potion of attraction {unknown}


   Skills:
 + Level 7.5 Fighting
 + Level 10.8 Axes
 + Level 9.2 Armour
 + Level 6.5 Shields
 * Level 1.9 Invocations
 * Level 6.0 Evocations


You had 10 spell levels left.
You didn't know any spells.
Your spell library contained the following spells:

 Spells                   Type           Power      Damage    Failure   Level
 Foxfire                  Conj/Fire      0%         2x1d4     99%         1
 Corpse Rot               Necr/Air       0%         N/A       100%        2
 Conjure Flame            Conj/Fire      0%         6-21      100%        3
 Inner Flame              Hex/Fire       0%         N/A       100%        3
 Cause Fear               Hex            0%         N/A       100%        4
 Dispel Undead            Necr           0%         3d6       100%        4
 Flame Wave               Conj/Fire      0%         2d4       100%        4
 Discord                  Hex            0%         N/A       100%        8
 Death Channel            Necr           Unusable   N/A       N/A         6

Dungeon Overview and Level Annotations

Branches:
Dungeon (8/15)             Temple (1/1) D:7            Lair (2/6) D:8
  Swamp: Lair:2-4    Shoals: Lair:2-4     Snake: Lair:2-4    Spider: Lair:2-4

Altars:
Cheibriados
Dithmenos
Fedhas
Makhleb
Okawaru
Ru
Sif Muna
Trog
Vehumet
Zin
Lugonu

Shops:
D:3 (   D:5 (   D:8 !

Portals:
Abyss: D:1

Annotations:
D:5 1 runed translucent door, PieDemon's ghost, amateur MiFi


Innate Abilities, Weirdness & Mutations

You are immune to sickness and miasma.
Your stone body is resilient. (AC +8)
You are immune to poison.
You resist negative energy. (rN+)
You are resistant to electric shocks. (rElec)
You are resistant to unholy torment.
You are immune to petrification.


Message History

The eight-headed hydra bites you.
The eight-headed hydra bites you but does no damage.
You block the eight-headed hydra's attack.
The eight-headed hydra bites you but does no damage.
The eight-headed hydra bites you.
The blink frog blinks!
You lop one of the eight-headed hydra's heads off!
The seven-headed hydra grows two more!
You slice the nine-headed hydra!!
The nine-headed hydra is almost dead.
You hear an angry hiss.
You block the nine-headed hydra's attack.
The nine-headed hydra bites you.
The nine-headed hydra completely misses you.
The nine-headed hydra bites you.
The nine-headed hydra bites you but does no damage. x2
The nine-headed hydra barely misses you.
The nine-headed hydra bites you but does no damage.
The nine-headed hydra bites you!
A water moccasin comes into view.
The boulder beetle leaps!
You barely miss the nine-headed hydra.
The nine-headed hydra is almost dead.
The nine-headed hydra bites you but does no damage.
The nine-headed hydra bites you!
The nine-headed hydra closely misses you.
The nine-headed hydra completely misses you.
The nine-headed hydra bites you!
* * * LOW HITPOINT WARNING * * *
The nine-headed hydra bites you.
* * * LOW HITPOINT WARNING * * *
The nine-headed hydra closely misses you.
The nine-headed hydra bites you but does no damage.
The nine-headed hydra bites you.
* * * LOW HITPOINT WARNING * * *
The boulder beetle curls into a ball and begins rolling!
The nine-headed hydra barely misses you. x2
The nine-headed hydra bites you.
* * * LOW HITPOINT WARNING * * *
The nine-headed hydra bites you but does no damage.
The nine-headed hydra bites you!
You die...

#### ♣.♣###### #....>.....
≈≈≈≈≈♣.♣≈≈≈≈≈♣# #..........
≈≈≈≈≈♣.♣≈≈≈≈≈≈# #..........
≈≈≈≈.....≈≈≈≈≈# #..........
≈≈≈.......≈≈≈≈# #......####
≈≈.........≈≈≈# #.#......
≈...≈P#.†...≈≈# ..#
♣♣..≈≈#)#≈≈..♣♣##BS.##
...≈≈≈#.#≈≈B...@DYSF$#
♣♣..≈≈#|#≈≈..♣♣##kF.##
≈≈...≈.#.≈...≈≈# ..#
≈≈≈.........≈≈≈# #.#
≈≈≈≈.......≈≈≈≈# #......#
≈≈≈≈≈.....≈≈≈≈≈# #......#.
≈≈≈≈≈≈♣.♣≈≈≈≈≈≈# #........
♣≈≈≈≈≈♣.♣≈≈≈≈≈♣# #........
######♣.♣#############........


You could see 2 boulder beetles, a nine-headed hydra (mesmerising), a cane toad,
a blink frog, a rime drake, 2 water moccasins and a dream sheep.

Vanquished Creatures
  A black mamba (Lair:1)
  3 cane toads
  A gargoyle (D:7)
  5 komodo dragons
  A blink frog (Lair:2)
  A shadow (D:6)
  3 steam dragons
  7 water moccasins
  4 orc warriors
  2 black bears
  A sky beast (D:7)
  An ogre (D:4)
  6 wolves
  A necrophage (D:4)
  A centaur (D:7)
  7 bullfrogs
  4 scorpions
  A wyvern skeleton (D:5)
  A water moccasin skeleton (D:5)
  6 killer bees (D:8)
  3 wights (D:7)
  A centaur zombie (D:5)
  A bullfrog zombie (D:5)
  A jelly (D:7)
  A centaur skeleton (D:4)
  A bullfrog skeleton (D:5)
  3 orc priests
  Ijyb (D:4)
  3 iguanas (D:5)
  Natasha (D:4)
  9 orc wizards
  3 hound skeletons
  A howler monkey zombie (D:6)
  3 gnolls (D:6)
  10 adders
  A shadow imp (D:5)
  An ufetubus (D:5)
  An adder skeleton (D:5)
  4 worms
  3 dart slugs
  12 orcs
  3 endoplasms
  3 giant cockroaches
  6 goblins
  7 hobgoblins
  5 kobolds
  4 ball pythons
  6 bats
  A frilled lizard (D:2)
  5 rats
161 creatures vanquished.

Vanquished Creatures (collateral kills)
  A hydra (Lair:1)
  A black mamba (Lair:1)
  A yak (D:8)
  2 water moccasins
  A centaur (D:7)
  A scorpion (D:8)
  2 wights (D:7)
  An orc wizard (D:8)
  4 orcs
  A ball python (D:4)
  A hobgoblin (D:4)
16 creatures vanquished.

Vanquished Creatures (others)
  A goblin (D:4)
  25 fungi
  16 plants
42 creatures vanquished.

Grand Total: 219 creatures vanquished

Notes
Turn   | Place    | Note
-------+----------+-------------------------------------------
     0 | D:1      | bande the Gargoyle Fighter began the quest for the Orb.
     0 | D:1      | Reached XP level 1. HP: 14/14 MP: 1/1
    16 | D:1      | You fall into a shaft and drop 1 floor!
   151 | D:2      | Reached XP level 2. HP: 11/19 MP: 2/2
   394 | D:1      | Reached skill level 2 in Axes
   396 | D:1      | Found a faded altar of an unknown god.
  1118 | D:1      | Reached XP level 3. HP: 22/24 MP: 3/3
  1184 | D:1      | Found a one-way gate to the infinite horrors of the Abyss.
  1184 | D:1      | Found a corrupted altar of Lugonu.
  1764 | D:3      | Reached XP level 4. HP: 25/29 MP: 4/4
  1832 | D:3      | Found Abrac's Antique Weapon Boutique.
  2426 | D:3      | Reached skill level 3 in Axes
  2714 | D:4      | Noticed a scorpion
  2730 | D:4      | Killed a scorpion
  2731 | D:4      | Reached XP level 5. HP: 18/33 MP: 5/5
  3008 | D:4      | Noticed a necrophage
  3020 | D:4      | Killed a necrophage
  3021 | D:4      | Reached XP level 6. HP: 32/38 MP: 6/6
  3168 | D:4      | Identified a scroll of acquirement
  3168 | D:4      | Acquired the +14 obsidian axe {vorpal, Mesm Drain Fly SInv}
  3168 | D:4      | Found the +14 obsidian axe {vorpal, Mesm Drain Fly SInv}
  3179 | D:4      | Reached skill level 4 in Axes
  3324 | D:4      | Noticed Ijyb
  3330 | D:4      | Killed Ijyb
  3331 | D:4      | Reached XP level 7. HP: 33/44 MP: 7/7
  3453 | D:4      | Reached skill level 5 in Axes
  3453 | D:4      | Reached skill level 5 in Armour
  3602 | D:4      | Noticed Natasha
  3606 | D:4      | Killed Natasha
  3873 | D:5      | Entered Level 5 of the Dungeon
  3892 | D:5      | Found Ackedutt's Antique Weapon Shoppe.
  4035 | D:5      | Reached skill level 6 in Axes
  4122 | D:5      | Found a runed translucent door.
  4122 | D:5      | Noticed PieDemon's ghost (amateur MiFi)
  4202 | D:5      | Reached XP level 8. HP: 42/48 MP: 8/8
  4677 | D:5      | Reached skill level 5 in Fighting
  4705 | D:5      | Reached skill level 1 in Evocations
  5007 | D:6      | Reached skill level 7 in Axes
  5025 | D:6      | Noticed a shadow
  5034 | D:6      | Killed a shadow
  5369 | D:7      | Found a blossoming altar of Fedhas.
  5383 | D:7      | Reached skill level 5 in Shields
  5383 | D:7      | Reached XP level 9. HP: 38/54 MP: 9/9
  5752 | D:7      | Reached skill level 8 in Axes
  5871 | D:7      | Identified the +10 dagger "bande's Doom" {flame, Contam
                  | rN+++ Int+4}
  6055 | D:7      | Found a staircase to the Ecumenical Temple.
  6166 | D:7      | Noticed a gargoyle
  6175 | D:7      | Killed a gargoyle
  6922 | D:8      | Found Xiampu's Distillery.
  7063 | D:8      | Reached skill level 9 in Axes
  7063 | D:8      | Reached XP level 10. HP: 51/60 MP: 10/10
  7325 | D:8      | Found a staircase to the Lair.
  7938 | Lair:1   | Entered Level 1 of the Lair of Beasts
  8115 | Lair:1   | Noticed a cane toad
  8124 | Lair:1   | Killed a cane toad
  8232 | Lair:1   | Noticed a seven-headed hydra
  8239 | Lair:1   | Killed a ten-headed hydra
  8240 | Lair:1   | Reached skill level 10 in Axes
  8240 | Lair:1   | Reached skill level 5 in Evocations
  8390 | Lair:1   | Noticed a cane toad
  8398 | Lair:1   | Killed a cane toad
  8541 | Lair:1   | Noticed a black mamba
  8546 | Lair:1   | Killed a black mamba
  8595 | Lair:1   | Noticed a black mamba
  8600 | Lair:1   | Killed a black mamba
  8601 | Lair:1   | Reached XP level 11. HP: 66/67 MP: 11/11
  8727 | Lair:1   | You are sucked into a shaft and drop 1 floor!
  8866 | Temple   | Entered the Ecumenical Temple
  8877 | Temple   | Became a worshipper of Warmaster Okawaru
  9557 | Lair:2   | Reached skill level 1 in Invocations
  9615 | Lair:2   | Reached * piety under Okawaru
  9991 | Lair:2   | Noticed a four-headed hydra
  9991 | Lair:2   | Noticed a boulder beetle
  9992 | Lair:2   | Noticed a boulder beetle
  9998 | Lair:2   | Slain by a nine-headed hydra

Illustrated notes

Levels and vault maps discovered:
D:1:      erik_arrival_cave_to_civilisation [erik_arrival_cave_to_temple],
          layout_loops_ring, basic_ecumenical_altar
D:2:      layout_rooms
D:3:      layout_loops_corners, serial_shops, shop_statue
D:4:      layout_gridville, uniq_ijyb, uniq_natasha
D:5:      layout_loops_corners, serial_shops, shop, gammafunk_ghost_grave,
          chequers_serial_rivers_micro_c
D:6:      layout_rooms
D:7:      layout_loops_ring, mainiacjoe_overflow_paths, temple_statues
D:8:      minmay_evil_eye, layout_loops_ring, grunt_lair_entry_orc_guard_hut,
          serial_shops, shop
Temple:   nicolae_temple_the_god_donut
Lair:1:   layout_regular_city, grunt_megastairs_3
Lair:2:   nzn_winding_woodlands_large [nzn_winding_woodlands_5x5_open_star,
          nzn_winding_woodlands_5x15_longhouse,
          nzn_winding_woodlands_5x5_checkerboard,
          nzn_winding_woodlands_center_garden,
          nzn_winding_woodlands_15x15_eel_pit,
          nzn_winding_woodlands_center_pierced_h,
          nzn_winding_woodlands_5x5_closed_star,
          nzn_winding_woodlands_5x15_river_crossing,
          nzn_winding_woodlands_5x5_cross], layout_regular_city,
          nicolae_swamp_entry_splash_gauntlet, minivault_26, beast_lair_carwin_6

Skill      XL: |  1  2  3  4  5  6  7  8  9 10 11 |
---------------+----------------------------------+-----
Axes           | 2 3 4 6 7 9 10 | 10.8
Fighting       | 4 5 6 7 |  7.5
Armour         | 4 5 6 7 8 9 |  9.2
Shields        | 4 5 6 |  6.5
Evocations     | 2 4 5 6 |  6.0
Invocations    | 1 |  1.9

Action                   |  1- 3 |  4- 6 |  7- 9 | 10-12 || total
-------------------------+-------+-------+-------+-------++-------
Melee: War axe           |    86 |    53 |       |       ||   139
       Broad axe         |       |    20 |   142 |   104 ||   266
  Use: Scroll            |     3 |     2 |     5 |     4 ||    14
       Potion            |       |       |       |     1 ||     1
Armor: Scale mail        |    49 |    40 |    10 |       ||    99
       Plate armour      |       |       |   116 |   120 ||   236
Dodge: Dodged            |    46 |    35 |    42 |    56 ||   179
Block: Buckler           |    26 |    17 |    47 |    38 ||   128
